Workbook

Sheet CONSULTAS DR.
A1: Atendido | B1: Consultas Psiquiatricas EXTERNAS
A2: No Atendido | B2: Mes: SEGUNDO SEMESTRE 2025
A3: SEPTIEMBRE
A4: Fecha | B4: Hora | C4: Paciente | D4: Total | E4: Forma de Pago | F4: Comentario | H4: Tipo de consulta
A5: 45902 | B5: 0.38194444 | C5: Orfeo Sandoval | D5: 800 | E5: Deposito | H5: {=_xlfn.IFS(D5<=700,"Seguimiento",D5=800,"Primera")} -> Primera
A6: 45902 | B6: 0.42361111 | C6: Luis Fernando Barrera | D6: 700 | E6: Transferencia | F6: NIT 6690203 | H6: {=_xlfn.IFS(D6<=700,"Seguimiento",D6=800,"Primera")} -> Seguimiento
A7: 45902 | B7: 0.55555556 | C7: Marco Tulio Cheverria | D7: 800 | E7: Efectivo | F7: NIT 14245310 MARCO TULIO CHAVARRIA | H7: {=_xlfn.IFS(D7<=700,"Seguimiento",D7=800,"Primera")} -> Primera
A8: 45903 | B8: 0.43055556 | C8: Armando Ramírez | D8: 800 | E8: Transferencia | F8: NIT CF | H8: {=_xlfn.IFS(D8<=700,"Seguimiento",D8=800,"Primera")} -> Primera
A9: 45905 | B9: 0.38194444 | C9: Bryan Allen Bosch | D9: 700 | E9: Transferencia | F9: NIT CF | H9: {=_xlfn.IFS(D9<=700,"Seguimiento",D9=800,"Primera")} -> Seguimiento
A10: 45905 | B10: 0.42361111 | C10: Estuardo Cruz | D10: 700 | E10: Transferencia | F10: NIT 49617664 | H10: {=_xlfn.IFS(D10<=700,"Seguimiento",D10=800,"Primera")} -> Seguimiento
A11: 45905 | B11: 0.46180556 | C11: Mario Castro | D11: 700 | E11: Transferencia | F11: NIT CF | H11: {=_xlfn.IFS(D11<=700,"Seguimiento",D11=800,"Primera")} -> Seguimiento
A12: 45905 | B12: 0.52083333 | C12: Cristian Vasquez | D12: 800 | E12: Transferencia | F12: NITCF | H12: {=_xlfn.IFS(D12<=700,"Seguimiento",D12=800,"Primera")} -> Primera
A13: 45906 | B13: 0.38541667 | C13: Felipe Hernandez | D13: 700 | E13: Transferencia | F13: NIT 89511476 | H13: {=_xlfn.IFS(D13<=700,"Seguimiento",D13=800,"Primera")} -> Seguimiento
A14: 45909 | B14: 0.46875 | C14: Marvin Guerra | D14: 700 | E14: Transferencia | F14: NIT 9392912 | H14: Seguimiento
A15: 45911 | B15: 0.39375 | C15: Carlos Lopez | D15: 700 | E15: Transferencia | G15: NIT 7571546-5 | H15: {=_xlfn.IFS(D15<=700,"Seguimiento",D15=800,"Primera")} -> Seguimiento
A16: 45911 | B16: 0.42708333 | C16: Isay Caberera | D16: 700 | E16: Efectivo | G16: NIT 1240182-K | H16: {=_xlfn.IFS(D16<=700,"Seguimiento",D16=800,"Primera")} -> Seguimiento
A17: 45912 | B17: 0.45833333 | C17: Mario Castro | D17: 700 | E17: Transferencia | F17: NIT CF | H17: Seguimiento
A18: 45912 | B18: 0.083333333 | C18: Marta Gramajo | D18: 700 | E18: Transferencia | F18: NIT 9464980 | H18: {=_xlfn.IFS(D18<=700,"Seguimiento",D18=800,"Primera")} -> Seguimiento
A19: 45916 | B19: 0.41666667 | C19: Esmeralda de León | D19: 700 | E19: Transferencia | F19: NIT 40748936 | H19: {=_xlfn.IFS(D19<=700,"Seguimiento",D19=800,"Primera")} -> Seguimiento
A20: 45917 | B20: 0.41666667 | C20: Mercedes Godinez | D20: 700 | E20: Transferencia | F20: NIT 91943752 | H20: {=_xlfn.IFS(D20<=700,"Seguimiento",D20=800,"Primera")} -> Seguimiento
A21: 45917 | B21: 0.46527778 | C21: Ana Samayoa | D21: 700 | E21: Transferencia | F21: NIT CF | H21: {=_xlfn.IFS(D21<=700,"Seguimiento",D21=800,"Primera")} -> Seguimiento
A22: 45917 | B22: 0.5 | C22: Luis Emilio Chavez | D22: 700 | E22: Transferencia | F22: NIT CF | H22: {=_xlfn.IFS(D22<=700,"Seguimiento",D22=800,"Primera")} -> Seguimiento
A23: 45919 | B23: 0.055555556 | C23: Daniela Orella | D23: 700 | E23: Transferencia | F23: NIT | H23: {=_xlfn.IFS(D23<=700,"Seguimiento",D23=800,"Primera")} -> Seguimiento
A24: 45919 | B24: 0.09375 | C24: Marlón Garea | D24: 700 | E24: Transferencia | F24: NIT CF | H24: {=_xlfn.IFS(D24<=700,"Seguimiento",D24=800,"Primera")} -> Seguimiento
A25: 45919 | B25: 0.17430556 | C25: Ingrid Davila | D25: 800 | E25: Transferencia | F25: NIT CF | H25: {=_xlfn.IFS(D25<=700,"Seguimiento",D25=800,"Primera")} -> Primera
A26: 45920 | B26: 0.38611111 | C26: Andrea Lima | D26: 700 | E26: Transferencia | F26: NIT CF | H26: {=_xlfn.IFS(D26<=700,"Seguimiento",D26=800,"Primera")} -> Seguimiento
A27: 45922 | B27: 0.39375 | C27: Iris Rodas | D27: 700 | E27: Transferencia | F27: NIT CF | H27: {=_xlfn.IFS(D27<=700,"Seguimiento",D27=800,"Primera")} -> Seguimiento
A28: 45922 | B28: 0.43055556 | C28: Nohelia Guevara | D28: 800 | E28: Transferencia | F28: NIT CF | H28: {=_xlfn.IFS(D28<=700,"Seguimiento",D28=800,"Primera")} -> Primera
A29: 45923 | B29: 0.48194444 | C29: Miguel Ruano | D29: 800 | E29: Transferencia | F29: NIT CF | H29: {=_xlfn.IFS(D29<=700,"Seguimiento",D29=800,"Primera")} -> Primera
... A34: 45929 | B34: 0.41666667 | C34: Tathiana Hernandez (Virtual) | D34: 700 | E34: Transferencia | F34: CF | H34: {=_xlfn.IFS(D34<=700,"Seguimiento",D34=800,"Primera")} -> Seguimiento
H35: {=_xlfn.IFS(D35<=700,"Seguimiento",D35=800,"Primera")} -> Seguimiento
H36: {=_xlfn.IFS(D36<=700,"Seguimiento",D36=800,"Primera")} -> Seguimiento
H37: Seguimiento
H38: {=_xlfn.IFS(D38<=700,"Seguimiento",D38=800,"Primera")} -> Seguimiento
H39: {=_xlfn.IFS(D39<=700,"Seguimiento",D39=800,"Primera")} -> Seguimiento
H40: {=_xlfn.IFS(D40<=700,"Seguimiento",D40=800,"Primera")} -> Seguimiento
H41: {=_xlfn.IFS(D41<=700,"Seguimiento",D41=800,"Primera")} -> Seguimiento
H42: {=_xlfn.IFS(D42<=700,"Seguimiento",D42=800,"Primera")} -> Seguimiento
H43: {=_xlfn.IFS(D43<=700,"Seguimiento",D43=800,"Primera")} -> Seguimiento
H44: {=_xlfn.IFS(D44<=700,"Seguimiento",D44=800,"Primera")} -> Seguimiento
H45: {=_xlfn.IFS(D45<=700,"Seguimiento",D45=800,"Primera")} -> Seguimiento
H46: {=_xlfn.IFS(D46<=700,"Seguimiento",D46=800,"Primera")} -> Seguimiento
H47: {=_xlfn.IFS(D47<=700,"Seguimiento",D47=800,"Primera")} -> Seguimiento
H48: {=_xlfn.IFS(D48<=700,"Seguimiento",D48=800,"Primera")} -> Seguimiento
H49: {=_xlfn.IFS(D49<=700,"Seguimiento",D49=800,"Primera")} -> Seguimiento
H50: {=_xlfn.IFS(D50<=700,"Seguimiento",D50=800,"Primera")} -> Seguimiento
C51: TOTAL | D51: =SUM(D5:D50) -> 21700
G52: Seguimiento | H52: =COUNTIF(H5:H50,G52) -> 39
G53: Primera | H53: =COUNTIF(H5:H50,G53) -> 7
A55: AGOSTO
A56: Fecha | B56: Hora | C56: Paciente | D56: Total | E56: Forma de Pago | F56: Comentario | H56: Tipo de consulta
A57: 45870 | B57: 0.45833333 | C57: Felipe Hernandez | D57: 800 | E57: Transferencia | H57: {=_xlfn.IFS(D57<=700,"Seguimiento",D57=800,"Primera")} -> Primera
A58: 45873 | B58: 0.41666667 | C58: Iris Rodas | D58: 800 | E58: Deposito | H58: {=_xlfn.IFS(D58<=700,"Seguimiento",D58=800,"Primera")} -> Primera
A59: 45873 | B59: 0.45833333 | C59: German Pec | D59: 700 | E59: Efectivo | F59: NIT: 66597218 | H59: {=_xlfn.IFS(D59<=700,"Seguimiento",D59=800,"Primera")} -> Seguimiento
A60: 45874 | B60: 0.45694444 | C60: Mercedes Godinez | D60: 700 | E60: Transferencia | H60: {=_xlfn.IFS(D60<=700,"Seguimiento",D60=800,"Primera")} -> Seguimiento
A61: 45875 | B61: 0.37152778 | C61: Rosa Osorio | D61: 600 | E61: Deposito | F61: DPI 1766326111503 | H61: {=_xlfn.IFS(D61<=700,"Seguimiento",D61=800,"Primera")} -> Seguimiento
A62: 45875 | B62: 0.41319444 | C62: Mario Castro | D62: 700 | E62: Transferencia | F62: NIT CF | H62: {=_xlfn.IFS(D62<=700,"Seguimiento",D62=800,"Primera")} -> Seguimiento
A63: 45876 | B63: 0.375 | C63: Carlos Lopez | D63: 700 | E63: Transferencia | F63: NIT: 75715465 | H63: {=_xlfn.IFS(D63<=700,"Seguimiento",D63=800,"Primera")} -> Seguimiento
A64: 45876 | B64: 0.41666667 | C64: Luis Aroche | D64: 700 | E64: Transferencia | F64: NIT CF | H64: {=_xlfn.IFS(D64<=700,"Seguimiento",D64=800,"Primera")} -> Seguimiento
A65: 45876 | B65: 0.45833333 | C65: Magaly García | D65: 700 | E65: TC | H65: {=_xlfn.IFS(D65<=700,"Seguimiento",D65=800,"Primera")} -> Seguimiento
A66: 45877 | B66: 0.41666667 | C66: Iris Rodas | D66: 700 | E66: Deposito | F66: NIT CF | H66: Seguimiento
A67: 45877 | B67: 0.45833333 | C67: Marta Gramajo | D67: 700 | E67: Transferencia | H67: {=_xlfn.IFS(D67<=700,"Seguimiento",D67=800,"Primera")} -> Seguimiento
A68: 45881 | B68: 0.45833333 | C68: Milvian Gómez | D68: 700 | E68: Tranferencia | F68: NIT CF | H68: {=_xlfn.IFS(D68<=700,"Seguimiento",D68=800,"Primera")} -> Seguimiento
A69: 45881 | B69: 0.5 | C69: Julio Cesar Lopez | D69: 800 | E69: Transferencia | F69: NIT CF | H69: Seguimiento
A70: 45881 | B70: 0.54166667 | C70: German Pec | D70: 700 | E70: Transferencia | F70: NIT 66597218 | H70: {=_xlfn.IFS(D70<=700,"Seguimiento",D70=800,"Primera")} -> Seguimiento
A71: 45882 | B71: 0.42361111 | C71: Ana Samayoa | D71: 700 | E71: Transf Hosp | F71: NIT CF | H71: {=_xlfn.IFS(D71<=700,"Seguimiento",D71=800,"Primera")} -> Seguimiento
A72: 45882 | B72: 0.45833333 | C72: Mario Castro | D72: 700 | E72: Transferencia | F72: NIT CF | H72: {=_xlfn.IFS(D72<=700,"Seguimiento",D72=800,"Primera")} -> Seguimiento
A73: 45882 | B73: 0.5 | C73: Maria Socorro Morales | D73: 800 | E73: Transferencia | F73: NIT 523771-8 WALTER CHAVEZ | H73: {=_xlfn.IFS(D73<=700,"Seguimiento",D73=800,"Primera")} -> Primera
A74: 45882 | B74: 0.66666667 | C74: Isay Cabrera Urzúa | D74: 800 | E74: Efectivo | F74: NIT CF | H74: {=_xlfn.IFS(D74<=700,"Seguimiento",D74=800,"Primera")} -> Primera
A75: 45883 | B75: 0.39027778 | C75: Dustin Ramirez | D75: 800 | E75: Efectivo | F75: NIT CF | H75: {=_xlfn.IFS(D75<=700,"Seguimiento",D75=800,"Primera")} -> Primera
A76: 45883 | B76: 0.44513889 | C76: Mario Mazariegos | D76: 700 | E76: Efectivo | F76: NIT 8096178-9 | H76: {=_xlfn.IFS(D76<=700,"Seguimiento",D76=800,"Primera")} -> Seguimiento
A77: 45883 | B77: 0.51597222 | C77: Ibe Arriola | D77: 800 | E77: Transferencia | F77: NIT 25253689 | H77: {=_xlfn.IFS(D77<=700,"Seguimiento",D77=800,"Primera")} -> Primera
A78: 45883 | B78: 0.083333333 | C78: Pamela Alquijay | D78: 700 | E78: Transferencia | F78: NIT CF | H78: {=_xlfn.IFS(D78<=700,"Seguimiento",D78=800,"Primera")} -> Seguimiento
A79: 45885 | B79: 0.375 | C79: Lorena Valladares | D79: 700 | E79: Transf Hosp | H79: {=_xlfn.IFS(D79<=700,"Seguimiento",D79=800,"Primera")} -> Seguimiento
A80: 45887 | B80: 0.375 | C80: Iris Rodas | D80: 700 | E80: Transferencia | F80: NIT CF | H80: {=_xlfn.IFS(D80<=700,"Seguimiento",D80=800,"Primera")} -> Seguimiento
A81: 45887 | B81: 0.41666667 | C81: Ileana Escobar | D81: 700 | E81: Transferencia | F81: NIT CF | H81: {=_xlfn.IFS(D81<=700,"Seguimiento",D81=800,"Primera")} -> Seguimiento
A82: 45887 | B82: 0.45833333 | C82: Gerson Escobar | D82: 700 | E82: Transferencia | F82: NIT CF | H82: {=_xlfn.IFS(D82<=700,"Seguimiento",D82=800,"Primera")} -> Seguimiento
A83: 45887 | B83: 0.51597222 | C83: Elvin Larios | D83: 700 | E83: Transferencia | F83: NIT CF | H83: {=_xlfn.IFS(D83<=700,"Seguimiento",D83=800,"Primera")} -> Seguimiento
A84: 45888 | B84: 0.41527778 | C84: Aminta Santos | D84: 700 | E84: Transferencia | F84: NIT CF | H84: {=_xlfn.IFS(D84<=700,"Seguimiento",D84=800,"Primera")} -> Seguimiento
A85: 45888 | B85: 0.083333333 | C85: Bryan Allen Bosch | D85: 800 | E85: Transferencia | F85: NIT CF | H85: {=_xlfn.IFS(D85<=700,"Seguimiento",D85=800,"Primera")} -> Primera
A86: 45889 | B86: 0.41666667 | C86: Mario Castro | D86: 700 | E86: Transferencia | F86: NIT CF | H86: {=_xlfn.IFS(D86<=700,"Seguimiento",D86=800,"Primera")} -> Seguimiento
A87: 45889 | B87: 0.45833333 | C87: Miguel Salvador | D87: 800 | E87: Transferencia | F87: NIT CF | H87: {=_xlfn.IFS(D87<=700,"Seguimiento",D87=800,"Primera")} -> Primera
A88: 45892 | B88: 0.375 | C88: Luis Emilio Chavez | D88: 700 | E88: Transferencia | F88: NIT CF | H88: {=_xlfn.IFS(D88<=700,"Seguimiento",D88=800,"Primera")} -> Seguimiento
A89: 45892 | B89: 0.58333333 | C89: Familia Mario Castro | D89: 800 | E89: Transferencia | H89: Seguimiento
A90: 45895 | B90: 0.36805556 | C90: Elena Paiz Baqueriz | D90: 800 | E90: Efectivo | F90: NIT CF | H90: {=_xlfn.IFS(D90<=700,"Seguimiento",D90=800,"Primera")} -> Primera
A91: 45896 | B91: 0.41666667 | C91: Mario Castro | D91: 700 | E91: Transferencia | F91: NIT CF | H91: {=_xlfn.IFS(D91<=700,"Seguimiento",D91=800,"Primera")} -> Seguimiento
A92: 45898 | B92: 0.79166667 | C92: Estuardo Cruz | D92: 1500 | E92: Transferencia | F92: NIT: 49617664 Estuardo Cruz. | H92: Primera
C93: TOTAL | D93: =SUM(D57:D92) -> 27000
G94: Seguimiento | H94: =COUNTIF(H57:H92,G94) -> 26
G95: Primera | H95: =COUNTIF(H57:H92,G95) -> 10
A97: JULIO
A98: Fecha | B98: Hora | C98: Paciente | D98: Total | E98: Forma de Pago | F98: Comentario | H98: Tipo de consulta
A99: 45840 | B99: 0.41666667 | C99: Mario Castro | D99: 700 | E99: Transferencia | F99: CF | H99: {=_xlfn.IFS(D99<=700,"Seguimiento",D99=800,"Primera")} -> Seguimiento
A100: 45841 | B100: 0.375 | C100: Celida Corado | D100: 700 | E100: Efectivo | F100: NIT: 66798868 | H100: {=_xlfn.IFS(D100<=700,"Seguimiento",D100=800,"Primera")} -> Seguimiento
A101: 45841 | B101: 0.41666667 | C101: Iskra Sosa | D101: 700 | E101: Transferencia | F101: NIT: 29015405 | H101: {=_xlfn.IFS(D101<=700,"Seguimiento",D101=800,"Primera")} -> Seguimiento
A102: 45843 | B102: 0.375 | C102: Evelin Sequeira | D102: 700 | E102: Transferencia | F102: CF | H102: {=_xlfn.IFS(D102<=700,"Seguimiento",D102=800,"Primera")} -> Seguimiento
A103: 45847 | B103: 0.41666667 | C103: Oscar Pérez | D103: 800 | E103: Transferencia | F103: CF | H103: {=_xlfn.IFS(D103<=700,"Seguimiento",D103=800,"Primera")} -> Primera
A104: 45847 | B104: 0.45833333 | C104: Pamela Alquijay | D104: 800 | E104: Transferencia | H104: {=_xlfn.IFS(D104<=700,"Seguimiento",D104=800,"Primera")} -> Primera
A105: 45847 | B105: 0.5 | C105: Hector Galindo | D105: 800 | E105: Transferencia | F105: NIT:107114542 | H105: {=_xlfn.IFS(D105<=700,"Seguimiento",D105=800,"Primera")} -> Primera
A106: 45849 | B106: 0.45833333 | C106: Mariola López | D106: 700 | E106: Transferencia | F106: CF | H106: {=_xlfn.IFS(D106<=700,"Seguimiento",D106=800,"Primera")} -> Seguimiento
...

Sheet CONSULTAS PSICOLOGICAS
A1: Consultas Psicologicas EXTERNA | L1: Individual | M1: 285
A2: SEGUNDO SEMESTRE 2025 | L2: Pareja | M2: 500
A3: SEPTIEMBRE | L3: Familiar | M3: 500
A4: Fecha | B4: Hora | C4: Paciente | D4: Tipo de Consulta | E4: Total | F4: Forma de Pago | G4: Comentario | J4: Terapeuta
A5: 45901 | B5: 0.58333333 | C5: Ally Griselly Montufar | D5: Individual | E5: 285 | F5: Transferencia | G5: CF | I5: Primera | J5: Tzuny
A6: 45905 | B6: 0.42708333 | C6: Anderson Gudiel | D6: Individual | E6: 285 | F6: Efectivo | G6: CF | I6: =F31 -> Seguimiento | J6: Tzuny
A7: 45908 | B7: 0.45833333 | C7: Erick Muralles | D7: Individual | E7: 285 | F7: Transferencia | G7: CF | I7: Seguimiento | J7: Tzuny
A8: 45908 | B8: 0.625 | C8: Sofia Pineda | D8: Individual | E8: 285 | F8: Transferencia | G8: CF | I8: Seguimiento | J8: Tzuny
A9: 45912 | B9: 0.45833333 | C9: Daniela Orellana | D9: Individual | E9: 285 | F9: Transferencia | G9: CF | I9: Seguimiento | J9: Tzuny
A10: 45918 | B10: 0.09375 | C10: Sebastian Rodriguez | D10: Individual | E10: 285 | F10: Transferencia | G10: CF | I10: Individual | J10: Tzuny
A11: 45918 | B11: 0.68055556 | C11: Ally Griselly Montufar | D11: Individual | E11: 285 | F11: Transferencia | G11: CF | I11: Seguimiento | J11: Tzuny
A12: 45919 | B12: 0.42708333 | C12: Anderson Gudiel | D12: Individual | E12: 285 | F12: Efectivo | G12: CF | I12: Seguimiento | J12: Tzuny
A13: 45919 | B13: 0.50694444 | C13: Sofia Pineda | D13: Individual | E13: 285 | F13: Transferencia | G13: CF | I13: Seguimiento | J13: Tzuny
A14: 45923 | B14: 0.17708333 | C14: Steven Monroy | D14: Individual | E14: 285 | F14: Efectivo | G14: CF | I14: Primera | J14: Tzuny
D28: TOTAL | E28: =SUM(E5:E27) -> 2850
C30: Individual | D30: =COUNTIF(D5:D27,C30) -> 10 | F30: Primera | G30: =COUNTIF(I5:I27,F30) -> 2 | I30: Luciana | J30: =COUNTIF(J5:J27,I30) -> 0
C31: Familiar | D31: =COUNTIF(D5:D27,C31) -> 0 | F31: Seguimiento | G31: =COUNTIF(I5:I28,F31) -> 7 | I31: Tzuny | J31: =COUNTIF(J5:J27,I31) -> 10
C32: Pareja | D32: =COUNTIF(D5:D27,C32) -> 0 | G32: =G31*41 -> 287
A35: AGOSTO | L35: Familiar | M35: 500
A36: Fecha | B36: Hora | C36: Paciente | D36: Tipo de Consulta | E36: Total | F36: Forma de Pago | G36: Comentario | J36: Terapeuta
A37: 45871 | B37: 0.41666667 | C37: Abner Esteban | D37: Individual | E37: 285 | F37: Transferencia | I37: =F53 -> Seguimiento | J37: Tzuny
A38: 45873 | B38: 0.66666667 | C38: Anthony Cruz | D38: Individual | E38: 285 | F38: Transferencia | I38: =F52 -> Primera | J38: Luciana
A39: 45874 | B39: 0.5 | C39: Mario Madrid | D39: Individual | E39: 285 | F39: Transferencia | G39: NIT: 32436270 | I39: =F53 -> Seguimiento | J39: Luciana
A40: 45875 | B40: 0.41666667 | C40: Anderson Gudiel | D40: Individual | E40: 285 | F40: Efectivo | G40: CF | I40: =F53 -> Seguimiento | J40: Luciana
A41: 45880 | B41: 0.375 | C41: Javier Perez | D41: Individual | E41: 285 | F41: Deposito | G41: CF | I41: =F52 -> Primera | J41: Tzuny
A42: 45880 | B42: 0.45833333 | C42: Erick Muralles | D42: Individual | E42: 285 | F42: Transferencia | G42: NIT: 2992125-8 | I42: =F53 -> Seguimiento | J42: Tzuny
A43: 45883 | B43: 0.625 | C43: Andrea Lima | D43: Individual | E43: 285 | F43: Efectivo | G43: NIT 51951193 Karla Salazar | I43: =F52 -> Primera | J43: Tzuny
A44: 45887 | B44: 0.39583333 | C44: Isabela Echeverría | D44: Individual | E44: 285 | F44: Transferencia | G44: CF | I44: =F52 -> Primera | J44: Tzuny
A45: 45889 | B45: 0.375 | C45: Armando Bermudez | D45: Individual | E45: 285 | F45: Efectivo | G45: NIT: 71232028 Veronica Tobar | I45: Seguimiento | J45: Tzuny
A46: 45889 | B46: 0.41666667 | C46: Anderson Gudiel | D46: Individual | E46: 285 | F46: Efectivo | G46: CF | I46: Seguimiento | J46: Tzuny
A47: 45891 | B47: 0.5 | C47: Sofía Pineda | D47: Individual | E47: 285 | F47: Efectivo | G47: NIT: 9598785-1 | I47: Seguimiento | J47: Tzuny
A48: 45892 | B48: 0.41666667 | C48: Abner Esteban | D48: Individual | E48: 285 | F48: Efectivo | G48: CF | I48: Seguimiento | J48: Tzuny
A49: 45897 | B49: 0.66666667 | C49: Isabella Echeverría | D49: Individual | E49: 285 | F49: Transferencia | G49: CF | I49: Seguimiento | J49: Tzuny
D50: TOTAL | E50: =SUM(E37:E49) -> 3705
C52: Individual | D52: =COUNTIF(D37:D49,C52) -> 13 | F52: Primera | G52: =COUNTIF(I37:I49,F52) -> 4 | I52: Luciana | J52: =COUNTIF(J37:J49,I52) -> 3
C53: Familiar | D53: =COUNTIF(D37:D49,C53) -> 0 | F53: Seguimiento | G53: =COUNTIF(I37:I50,F53) -> 9 | I53: Tzuny | J53: =COUNTIF(J37:J49,I53) -> 10
C54: Pareja | D54: =COUNTIF(D37:D49,C54) -> 0 | G54: =G53*41 -> 369
A57: JULIO | L57: Familiar | M57: 500
A58: Fecha | B58: Hora | C58: Paciente | D58: Tipo de Consulta | E58: Total | F58: Forma de Pago | G58: Comentario | J58: Terapeuta
A59: 45841 | B59: 0.33333333 | C59: Carlos Alvarez | D59: Individual | E59: 285 | F59: Transferencia | G59: NIT: 110409892 Ruth Alvarez | I59: Seguimiento | J59: Luciana
A60: 45845 | B60: 0.16666667 | C60: Cesar Ramirez | D60: Individual | E60: 285 | F60: Transferencia | G60: CF | I60: =F77 -> Primera | J60: Luciana
A61: 45848 | B61: 0.16666667 | C61: Yolanda Serech | D61: Individual | E61: 285 | F61: Transferencia | G61: NIT: 369190297 | I61: =F78 -> Seguimiento | J61: Luciana
A62: 45852 | B62: 0.083333333 | C62: Jairo Pérez | D62: Individual | E62: 245 | F62: Transferencia | G62: CF | I62: =F77 -> Primera | J62: Luciana
A63: 45853 | B63: 0.41666667 | C63: Anderson Gudiel | D63: Individual | E63: 285 | F63: Efectivo | G63: CF | I63: =F78 -> Seguimiento | J63: Luciana
A64: 45854 | B64: 0.41666667 | C64: Armando Bermudez | D64: Individual | E64: 245 | F64: Efectivo | G64: NIT: 71232028 Veronica Tobar | I64: =F78 -> Seguimiento | J64: Luciana
A65: 45855 | B65: 0.33333333 | C65: Carlos Alvarez | D65: Individual | E65: 285 | F65: Transferencia | G65: NIT: 110409892 Ruth Alvarez | I65: =F78 -> Seguimiento | J65: Luciana
A66: 45857 | B66: 0.45833333 | C66: Abner Esteban | D66: Individual | E66: 245 | F66: Transferencia | G66: CF | I66: =F77 -> Primera | J66: Tzuny
A67: 45860 | B67: 0.5 | C67: Cristian Baiza | D67: Individual | E67: 285 | F67: Tarjeta( Visa Link) | G67: CF | I67: =F78 -> Seguimiento | J67: Luciana
A68: 45863 | B68: 0.41666667 | C68: Selvin Aldana | D68: Individual | E68: 245 | F68: Transferencia | G68: CF | I68: =F77 -> Primera | J68: Luciana
A69: 45863 | B69: 0.125 | C69: Yolanda Serech | D69: Individual | E69: 285 | F69: Transferencia | G69: NIT: 369190297 | I69: =F78 -> Seguimiento | J69: Luciana
A70: 45864 | B70: 0.41666667 | C70: Abner Esteban | D70: Individual | E70: 285 | F70: Transferencia | G70: CF | I70: =F78 -> Seguimiento | J70: Tzuny
A71: 45867 | B71: 0.41666667 | C71: Jose Carlos Madrid | D71: Individual | E71: 285 | F71: Transferencia | G71: NIT: 32436270 | I71: =F78 -> Seguimiento | J71: Luciana
A72: 45867 | B72: 0.125 | C72: Heidy Palala | D72: Individual | E72: 245 | F72: Transferencia | G72: CF | I72: =F77 -> Primera | J72: Luciana
A73: 45867 | B73: 0.16666667 | C73: Cristian Baiza | D73: Individual | E73: 285 | F73: Transferencia (Visalink) | G73: CF | I73: =F78 -> Seguimiento | J73: Luciana
A74: 45869 | B74: 0.33333333 | C74: Carlos Alvarez | D74: Individual | E74: 285 | F74: Transferencia | G74: NIT: 110409892 Ruth Alvarez | I74: =F78 -> Seguimiento | J74: Luciana
D75: TOTAL | E75: =SUM(E59:E74) -> 4360
C77: Individual | D77: =COUNTIF(D59:D74,C77) -> 16 | F77: Primera | G77: =COUNTIF(I59:I74,F77) -> 5 | I77: Luciana | J77: =COUNTIF(J59:J74,I77) -> 14
C78: Familiar | D78: =COUNTIF(D59:D74,C78) -> 0 | F78: Seguimiento | G78: =COUNTIF(I59:I75,F78) -> 11 | I78: Tzuny | J78: =COUNTIF(J59:J74,I78) -> 2
C79: Pareja | D79: =COUNTIF(D59:D74,C79) -> 0 | G79: =G78*41 -> 451
A82: PRIMER SEMESTRE 2025 | L82: Pareja | M82: 500
A83: JUNIO | L83: Familiar | M83: 500
A84: Fecha | B84: Hora | C84: Paciente | D84: Tipo de Consulta | E84: Total | F84: Forma de Pago | G84: Comentario | J84: Terapeuta
A85: 45813 | B85: 0.33333333 | C85: Yolanda Serech | D85: Individual | E85: 285 | F85: Transferencia | G85: NIT: 369190297 | I85: =F98 -> Seguimiento | J85: Luciana
A86: 45813 | B86: 0.41666667 | C86: Hilda Lopéz | D86: Individual | E86: 285 | F86: Transferencia | G86: NIT: 11897058 | I86: =F98 -> Seguimiento | J86: Luciana
A87: 45815 | B87: 0.375 | C87: Sofia pineda | D87: Individual | E87: 285 | F87: Transferencia | G87: NIT: 95987851 | I87: =F97 -> Primera | J87: Shanely
A88: 45819 | B88: 0.125 | C88: Cristian Baiza | D88: Individual | E88: 285 | F88: Tarjeta(Visa Link) | G88: CF | I88: =F98 -> Seguimiento | J88: Shanely
A89: 45820 | B89: 0.33333333 | C89: Yolanda Serech | D89: Individual | E89: 285 | F89: Transferencia | G89: NIT: 369190297 | I89: =F98 -> Seguimiento | J89: Luciana
A90: 45826 | B90: 0.375 | C90: Cristian Baiza | D90: Individual | E90: 285 | F90: Tarjeta (Visa Link) | G90: CF | I90: =F98 -> Seguimiento | J90: Luciana
A91: 45827 | B91: 0.33333333 | C91: Carlos Alvarez | D91: Individual | E91: 285 | F91: Transferencia | G91: NIT: 110409892 Ruth Alvarez | I91: =F98 -> Seguimiento | J91: Luciana
A92: 45827 | B92: 0.41666667 | C92: Anderson Gudiel | D92: Individual | E92: 285 | F92: Efectivo | G92: CF | I92: =F98 -> Seguimiento | J92: Luciana
A93: 45827 | B93: 0.16666667 | C93: José Carlos Madrid | D93: Individual | E93: 285 | F93: Transferencia | G93: NIT: 32436270 | I93: =F98 -> Seguimiento | J93: Luciana
A94: 45828 | B94: 0.375 | C94: Sofia pineda | D94: Individual | E94: 285 | F94: Transferencia | G94: NIT: 95987851 | I94: =F98 -> Seguimiento | J94: Luciana
D95: TOTAL | E95: =SUM(E85:E94) -> 2850
C97: Individual | D97: =COUNTIF(D85:D94,C97) -> 10 | F97: Primera | G97: =COUNTIF(I85:I94,F97) -> 1 | I97: Luciana | J97: =COUNTIF(J85:J94,I97) -> 8
C98: Familiar | D98: =COUNTIF(D85:D94,C98) -> 0 | F98: Seguimiento | G98: =COUNTIF(I85:I95,F98) -> 9 | I98: Shanely | J98: =COUNTIF(J85:J94,I98) -> 2
C99: Pareja | D99: =COUNTIF(D85:D94,C99) -> 0 | G99: =G98*41 -> 369
A102: MAYO | L102: Familiar | M102: 500
A103: Fecha | B103: Hora | C103: Paciente | D103: Tipo de Consulta | E103: Total | F103: Forma de Pago | G103: Comentario | J103: Terapeuta
A104: 45778 | B104: 0.375 | C104: José Carlos Madrid | D104: Individual | E104: 285 | F104: Transferencia | G104: NIT: 32436270 | I104: =F128 -> Seguimiento | J104: Luciana
A105: 45783 | B105: 0.41666667 | C105: Nancy Barahona | D105: Individual | E105: 285 | F105: Efectivo | G105: NIT: 98534351 Marco Barahona | I105: =F128 -> Seguimiento | J105: Luciana
A106: 45783 | B106: 0.625 | C106: Yolanda Serech | D106: Individual | E106: 285 | F106: Transferencia | G106: NIT: 369190297 | I106: =F128 -> Seguimiento | J106: Luciana
A107: 45784 | B107: 0.41666667 | C107: Armando Bermudez | D107: Individual | E107: 285 | F107: Efectivo | G107: NIT: 71232028 Veronica Tobar | I107: =F128 -> Seguimiento | J107: Luciana
A108: 45790 | B108: 0.41666667 | C108: Nancy Barahona | D108: Individual | E108: 285 | F108: Efectivo | G108: NIT: 98534351 Marco Barahona | I108: =F128 -> Seguimiento | J108: Luciana
A109: 45792 | B109: 0.375 | C109: Yolanda Serech | D109: Individual | E109: 285 | F109: Transferencia | G109: NIT: 369190297 | I109: =F128 -> Seguimiento | J109: Luciana
A110: 45792 | B110: 0.625 | C110: Cristian Baiza | D110: Individual | E110: 285 | F110: Tarjeta | G110: CF | I110: =F128 -> Seguimiento | J110: Shanely
A111: 45792 | B111: 0.66666667 | C111: Sara Valencia | D111: Individual | E111: 285 | F111: Transferencia | G111: NIT: 91111978 | I111: =F128 -> Seguimiento | J111: Shanely
A112: 45793 | B112: 0.625 | C112: José Carlos Madrid | D112: Individual | E112: 285 | F112: Transferencia | G112: NIT: 32436270 | I112: =F128 -> Seguimiento | J112: Luciana
A113: 45797 | B113: 0.41666667 | C113: Julia Chávez | D113: Individual | E113: 285 | F113: Transferencia | G113: CF | I113: =F127 -> Primera | J113: Luciana
A114: 45798 | B114: 0.45833333 | C114: José Carlos Madrid | D114: Individual | E114: 285 | F114: Transferencia | I114: Seguimiento | J114: Luciana
A115: 45799 | B115: 0.41666667 | C115: Anderson Gudiel | D115: Individual | E115: 285 | F115: Efectivo | G115: CF | I115: =F128 -> Seguimiento | J115: Shanely
A116: 45799 | B116: 0.625 | C116: Sara y Juan Valencia | D116: =C128 -> Familiar | E116: 500 | F116: Transferencia | G116: NIT: 91111978 | I116: =F128 -> Seguimiento | J116: Shanely
A117: 45800 | B117: 0.33333333 | C117: Yolanda Serech | D117: Individual | E117: 285 | F117: Transferencia | G117: NIT: 369190297 | I117: =F128 -> Seguimiento | J117: Luciana
A118: 45800 | B118: 0.41666667 | C118: Hilda López | D118: Individual | E118: 285 | F118: Transferencia | G118: NIT: 11897058 | I118: =F128 -> Seguimiento | J118: Luciana
A119: 45800 | B119: 0.45833333 | C119: Eduardo Mendizabal | D119: Individual | E119: 285 | F119: Transferencia | G119: NIT: 2070685 | I119: =F127 -> Primera | J119: Shanely
A120: 45804 | B120: 0.41666667 | C120: Jóse Rosales | D120: Individual | E120: 285 | F120: Transferencia | G120: CF | I120: =F127 -> Primera | J120: Luciana
A121: 45806 | B121: 0.33333333 | C121: Yolanda Serech | D121: Individual | E121: 285 | F121: Transferencia | G121: NIT: 369190297 | I121: =F128 -> Seguimiento | J121: Luciana
A122: 45807 | B122: 0.41666667 | C122: Hilda López | D122: Individual | E122: 285 | F122: Transferencia | G122: NIT: 11897058 | I122: =F128 -> Seguimiento | J122: Luciana
A123: 45807 | B123: 0.45833333 | C123: Eduardo Mendizabal | D123: Individual | E123: 285 | F123: Efectivo | G123: NIT: 2070685 | I123: =F128 -> Seguimiento | J123: Shanely
A124: 45807 | B124: 0.5 | C124: José Carlos Madrid | D124: Individual | E124: 285 | F124: Transferencia | G124: NIT: 32436270 | I124: =F128 -> Seguimiento | J124: Luciana
D125: TOTAL | E125: =SUM(E104:E124) -> 6200
...

Sheet Resumen
A1: COEX Doctor Luis Dardón
A2: MES | B2: Primera | C2: Reconsulta | D2: Ventas | E2: Crecimiento
A3: Enero | B3: ='CONSULTAS DR.'!H274 -> 3 | C3: ='CONSULTAS DR.'!H273 -> 15 | D3: ='CONSULTAS DR.'!D272 -> 11980 | E3: =(D3-12200)/ABS(12200) -> -0.018032787
A4: Febrero | B4: ='CONSULTAS DR.'!H250 -> 5 | C4: ='CONSULTAS DR.'!H249 -> 6 | D4: ='CONSULTAS DR.'!D248 -> 7420 | E4: =(D4-D3)/ABS(D3) -> -0.38063439
A5: Marzo | B5: ='CONSULTAS DR.'!H233 -> 7 | C5: ='CONSULTAS DR.'!H232 -> 17 | D5: ='CONSULTAS DR.'!D231 -> 18100 | E5: =(D5-D4)/ABS(D4) -> 1.4393531
A6: Abril | B6: ='CONSULTAS DR.'!H203 -> 6 | C6: ='CONSULTAS DR.'!H202 -> 15 | D6: ='CONSULTAS DR.'!D201 -> 16000 | E6: =(D6-D5)/ABS(D5) -> -0.1160221
A7: Mayo | B7: ='CONSULTAS DR.'!H176 -> 6 | C7: ='CONSULTAS DR.'!H175 -> 19 | D7: ='CONSULTAS DR.'!D174 -> 18700 | E7: =(D7-D6)/ABS(D6) -> 0.16875
A8: Junio | B8: ='CONSULTAS DR.'!H145 -> 5 | C8: ='CONSULTAS DR.'!H144 -> 13 | D8: ='CONSULTAS DR.'!D143 -> 13100 | E8: =(D8-D7)/ABS(D7) -> -0.29946524
A9: Julio | B9: ='CONSULTAS DR.'!H120 -> 6 | C9: ='CONSULTAS DR.'!H119 -> 13 | D9: ='CONSULTAS DR.'!D118 -> 13900 | E9: =(D9-D8)/ABS(D8) -> 0.061068702
A10: Agosto | B10: ='CONSULTAS DR.'!H95 -> 10 | C10: ='CONSULTAS DR.'!H94 -> 26 | D10: ='CONSULTAS DR.'!D93 -> 27000 | E10: =(D10-D9)/ABS(D9) -> 0.94244604
A11: Septiembre | E11: =(D11-D10)/ABS(D10) -> -1
A12: Octubre | E12: =(D12-D11)/ABS(D11) -> #DIV/0!
A13: Noviembre | E13: =(D13-D12)/ABS(D12) -> #DIV/0!
A14: Diciembre | E14: =(D14-D13)/ABS(D13) -> #DIV/0!
B15: =SUM(B3:B14) -> 48 | C15: =SUM(C3:C14) -> 124 | D15: =SUM(D3:D14) -> 126200
A19: COEX PSICOLOGÍA
A20: MES | B20: Primera | C20: Reconsulta | D20: Ventas | E20: Crecimiento
A21: Enero | B21: ='CONSULTAS PSICOLOGICAS'!I214 -> 3 | C21: ='CONSULTAS PSICOLOGICAS'!I215 -> 8 | D21: ='CONSULTAS PSICOLOGICAS'!E212 -> 3072.25 | E21: =(D21-2475)/ABS(2475) -> 0.24131313
A22: Febrero | B22: ='CONSULTAS PSICOLOGICAS'!G194 -> 4 | C22: ='CONSULTAS PSICOLOGICAS'!G195 -> 11 | D22: ='CONSULTAS PSICOLOGICAS'!E192 -> 4189.5 | E22: =(D22-D21)/ABS(D21) -> 0.36365856
A23: Marzo | B23: ='CONSULTAS PSICOLOGICAS'!G170 -> 9 | C23: ='CONSULTAS PSICOLOGICAS'!G171 -> 6 | D23: ='CONSULTAS PSICOLOGICAS'!E168 -> 4490 | E23: =(D23-D22)/ABS(D22) -> 0.071726936
A24: Abril | B24: ='CONSULTAS PSICOLOGICAS'!G145 -> 4 | C24: ='CONSULTAS PSICOLOGICAS'!G146 -> 5 | D24: ='CONSULTAS PSICOLOGICAS'!E143 -> 2565 | E24: =(D24-D23)/ABS(D23) -> -0.42873051
A25: Mayo | B25: ='CONSULTAS PSICOLOGICAS'!G127 -> 3 | C25: ='CONSULTAS PSICOLOGICAS'!G128 -> 18 | D25: ='CONSULTAS PSICOLOGICAS'!E125 -> 6200 | E25: =(D25-D24)/ABS(D24) -> 1.417154
A26: Junio | B26: ='CONSULTAS PSICOLOGICAS'!G97 -> 1 | C26: ='CONSULTAS PSICOLOGICAS'!G98 -> 9 | D26: ='CONSULTAS PSICOLOGICAS'!E95 -> 2850 | E26: =(D26-D25)/ABS(D25) -> -0.54032258
A27: Julio | B27: ='CONSULTAS PSICOLOGICAS'!G77 -> 5 | C27: ='CONSULTAS PSICOLOGICAS'!G78 -> 11 | D27: ='CONSULTAS PSICOLOGICAS'!E75 -> 4360 | E27: =(D27-D26)/ABS(D26) -> 0.52982456
A28: Agosto | B28: ='CONSULTAS PSICOLOGICAS'!G52 -> 4 | C28: ='CONSULTAS PSICOLOGICAS'!G53 -> 9 | D28: ='CONSULTAS PSICOLOGICAS'!E50 -> 3705 | E28: =(D28-D27)/ABS(D27) -> -0.15022936
A29: Septiembre | E29: =(D29-D28)/ABS(D28) -> -1
A30: Octubre | E30: =(D30-D29)/ABS(D29) -> #DIV/0!
A31: Noviembre | E31: =(D31-D30)/ABS(D30) -> #DIV/0!
A32: Diciembre | E32: =(D32-D31)/ABS(D31) -> #DIV/0!
B33: =SUM(B21:B32) -> 33 | C33: =SUM(C21:C32) -> 77 | D33: =SUM(D21:D32) -> 31431.75

Sheet EXTRA
B1: Facturas Pendientes
B2: Mes: SEPTIEMBRE 2025
B3: EXTRAS (ingresos, egresos, medicamentos…)
A4: Fecha | B4: Artículo | C4: Paciente | D4: Total | E4: Forma de Pago | F4: Comentario
A6: 45904 | B6: Medicina | C6: Nery Gomez | D6: 210 | E6: Efectivo | F6: 14 haloperidol
A7: 45905 | B7: Certificado | C7: Elvin Larios | D7: 250 | E7: Transferencia
A8: 45905 | B8: Medicina | C8: Elvin Larios | D8: 140 | E8: Transferencia | F8: 10 haloperidol
A9: 45909 | B9: Examenes | C9: Marvin Guerra | D9: 972 | E9: Efectivo
A10: 45925 | B10: Ingreso | C10: Hugo Arita | D10: 5000 | E10: Transferencia | F10: NIT: 7401930 Hugo Arita
D26: =SUM(D5:D25) -> 6572
B28: Mes: AGOSTO 2025
B29: EXTRAS (ingresos, egresos, medicamentos…)
A30: Fecha | B30: Artículo | C30: Paciente | D30: Total | E30: Forma de Pago | F30: Comentario
A32: 45875 | B32: Medicina | C32: Elvin Larios | D32: 140 | E32: Efectivo | F32: 10 haloperidol
A33: 45875 | B33: Examenes | C33: Rosa Osorio | D33: 315 | E33: Efectivo | F33: DPI, T3, T4, TSH, NIVEL VALPROATO
A34: 45877 | B34: Examen | C34: Iris Roda | D34: 10 | E34: Efectivo | F34: tira y lanceta
A35: 45877 | B35: Medicina | C35: Iris Roda | D35: 55 | E35: Efectivo | F35: 10 tab Trazodona 100 mg.
A36: 45887 | B36: Medicina | C36: Patricia Escobar | D36: 1250 | E36: Efectivo | F36: 50 leponex
A37: 45894 | B37: Medicina | C37: Elena Paiz | D37: 1150 | E37: Efectivo | F37: 50 leponex
D39: =SUM(D31:D38) -> 2920
B41: Mes: JULIO 2025
B42: EXTRAS (ingresos, egresos, medicamentos…)
A43: Fecha | B43: Artículo | C43: Paciente | D43: Total | E43: Forma de Pago | F43: Comentario
A44: 45841 | B44: Laboratorios | C44: Iskra Sosa | D44: 402 | E44: Efectivo | F44: NIT: 29015405 ( Nitrógeno de urea, creatinina, fosfatasa alcalina, TTSS, niveles de litio)
A45: 45841 | B45: Egreso | C45: Pablo Castillo | D45: 21377.44 | E45: Transferencia | F45: NIT: 2697971
A46: 45841 | B46: Egreso | C46: Rodolfo Morales | D46: 1090 | E46: Cheque | F46: NIT: 3231755
A47: 45842 | B47: Egreso | C47: Alan Jochola | D47: 8129.02 | E47: Efectivo | F47: NIT: 96278137
A48: 45842 | B48: Egreso | C48: Milton Barillas | D48: Q.3.77 | E48: Transferencia | F48: NIT: 8074898
A49: 45842 | B49: Egreso | C49: Jean Carlo Gómez | D49: 17424 | E49: Transferencia | F49: NIT: 12560383
A50: 45845 | B50: Medicamento | C50: Pablo Castillo | D50: Q.319.50 | E50: Transferencia | F50: NIT: 2697971
A51: 45847 | B51: Certificado Medico | C51: Hector Galindo | D51: 250 | E51: Transferencia cuenta Dr. | F51: NIT:107114542
A52: 45849 | B52: Ingreso | C52: Enrique Cotuc | D52: 5000 | E52: Efectivo | F52: NIT: 94487782
A53: 45852 | B53: Ingreso | C53: Marielos Quiroa | D53: 10000 | E53: Transferencia | F53: NIT: 7770408
A54: 45859 | B54: Egreso | C54: Stavroula Georgostathis | D54: 12523.54 | E54: Efectivo | F54: NIT: 5379059
A55: 45860 | B55: Medicina | C55: Mercedes Godinez | D55: 870 | E55: Efectivo | F55: CF (Luvox 30 tabletas)
A56: 45861 | B56: Ingreso | C56: Walter Molina | D56: 5000 | E56: Transferencia | F56: NIT: 7296231
A57: 45862 | B57: Medicina | C57: Elvin Larios | D57: 420 | E57: Transferencia | F57: 30 haloperidol
D59: =SUM(D44:D58) -> 82486
B61: Mes: JUNIO 2025
B62: EXTRAS (ingresos, egresos, medicamentos…)
A63: Fecha | B63: Artículo | C63: Paciente | D63: Total | E63: Forma de Pago | F63: Comentario
A64: 45816 | B64: Ingreso | C64: Elder Hernandez | D64: 6000 | E64: Efectivo
D65: 4000 | E65: Transferencia
A66: 45819 | B66: Medicamento | C66: Annika Santa Cruz | D66: Q.312.5 | E66: Tarjeta | F66: NIT: 305728571
A67: 45820 | B67: Medicamento | C67: Eswin Aguilar | D67: Q.1083.04 | E67: Efectivo
A68: 45820 | B68: Ingreso | C68: Eswin Aguilar | D68: 3500 | E68: Efectivo
D69: 500 | E69: Transferencia
A70: 45825 | B70: Egreso | C70: Luis Pedro Menendez | D70: Q.17,533 | E70: Cheque | F70: NIT: 17981204
A71: 45826 | B71: Egreso | C71: Iskra Sosa | D71: Q.7,127.68 | E71: Transferencia | F71: NIT: 29015405
A72: 45830 | B72: Ingreso | C72: Alan Jochóla | D72: 10000 | E72: Efectivo | F72: NIT:96278137
A73: 45831 | B73: Egreso | C73: Elder Hernandez | D73: Q.10,198.36 | E73: Efectivo | F73: NIT:
D76: =SUM(D64:D75) -> 24000
B78: Mes: MAYO 2025
B79: EXTRAS (ingresos, egresos, medicamentos…)
A80: Fecha | B80: Artículo | C80: Paciente | D80: Total | E80: Forma de Pago | F80: Comentario
A81: 45776 | B81: Mensualidad | C81: Vera Mendez | D81: Q.8,714.7 | E81: Efectivo y Cheque
A82: 45776 | B82: Medicinas | C82: Nancy Barahona | D82: 84 | E82: Efectivo | F82: 6 tabletas de Haloperidol
A83: 45777 | B83: Ingreso | C83: Román Martínez | D83: 10000 | E83: Efectivo | F83: CUI
A84: 45783 | B84: Medicina | C84: Nancy Barahona | D84: 98 | E84: Efectivo | F84: NIT: 98534351 Marco Barahona
A85: 45790 | B85: Egreso | C85: Ricardo Ibarra | D85: 15583.76 | E85: Transferencia
A86: 45791 | B86: Egreso | C86: Mario Mazariegos | D86: 6912.96 | E86: Transferencia | F86: NIT: 36429252 Santos Mazariegos
A87: 45791 | B87: Egreso | C87: Roman Martinez | D87: 4802 | E87: Efectivo | F87: CUI: 2664 72656 1804
D88: 2000 | E88: Tarjeta-Visalink
A89: 45792 | B89: Ingreso | C89: Alexia Espinoza | D89: 5000 | E89: Trajeta-Visalink
A90: 45796 | B90: Egreso | C90: Ruth Villagrán
A91: 45797 | B91: Medicamento | C91: Mercedes Godinez | D91: 1250 | E91: Efectivo | F91: Leponex 50 tabletas CF
A92: 45797 | B92: Medicina | C92: Ruben Martinez | D92: 1092.3 | E92: Transferencia
A93: 45798 | B93: Ingreso | C93: Ruben Martinez | D93: 10000 | E93: Transferencia
A94: 45798 | B94: Ingreso | C94: Iskra Sosa | D94: 10000 | E94: Transferencia
B95: Traslado | D95: Q.3,500 | E95: Transferencia
A96: 45799 | B96: Ingreso | C96: Jean Carlo Gómez | D96: Q.5,000 | E96: Transferencia
A97: 45803 | B97: Examenes | C97: Luis Barrera | D97: 700 | E97: Transferencia | F97: USG realiza pago al dr
A98: 45803 | B98: Ingreso | C98: Jennifer Reyes | D98: 10000 | E98: Transferencia
A99: 45805 | B99: Medicina | C99: Mercedes Godinez | D99: 870 | E99: Efectivo | F99: Luvox
D100: =SUM(D81:D99) -> 78393.02
B102: Mes: ABRIL 2025
B103: EXTRAS (ingresos, egresos, medicamentos…)
A104: Fecha | B104: Artículo | C104: Paciente | D104: Total | E104: Forma de Pago | F104: Comentario
A105: 45749 | B105: Egreso | C105: Mario Guzman | D105: 9453.08 | E105: Cheque | F105: NIT: 7346484
A106: 45749 | B106: Ingreso | C106: Robin Ibarra | D106: Q.5,000 | E106: Transferencia | F106: NIT: 17829879
A107: 45750 | B107: Ingreso | C107: Henry Reyes | D107: 10000 | E107: Tarjeta | F107: NIT: 45439826
A108: 45751 | B108: Ingreso | C108: Pablo Castillo | D108: 10000 | E108: Efectivo
A109: 45754 | B109: Egreso | C109: Robin Ibarra | D109: Q.208.84 | E109: Efectivo | F109: NIT: 17829879
A110: 45754 | B110: Traslado | C110: Ruth Villagran | D110: 2700 | E110: Transferencia | F110: NIT: 5026148
B111: Ingreso | D111: 10000 | E111: Transferencia
A112: 45756 | B112: Egreso | C112: Henrry Ibarra | D112: 872.63 | E112: Trajeta | F112: NIT: 45439826
A113: 45756 | B113: Ingreso | C113: Victor San José | D113: 5000 | E113: Transferencia | F113: NIT: 104207825
A114: 45756 | B114: Medicamento | C114: Mercedes Godinez | D114: 1250 | E114: Efectivo | F114: CF/leponex 50 tabletas
A115: 45762 | B115: Ingreso | C115: Victor San José | D115: 1200 | E115: Efectivo | F115: NIT: 104207825
A116: 45768 | B116: Egreso | C116: Nancy Barahona | D116: 13873.44 | E116: Transferencia | F116: NIT: 98534351 Marco Barahona
A117: 45768 | B117: Egreso | C117: Victor San José | D117: 3932 | E117: Efectivo | F117: NIT: 104207825
A118: 45769 | B118: Ingreso | C118: Ricardo Ibarra | D118: 3000 | E118: Efectivo | F118: NIT: 55220915 Robin Ibarra
A119: 45769 | B119: Medicamento | C119: Nancy Barahona | D119: 112 | E119: Efectivo | F119: 8 tabletas de haloperidol
A120: 45771 | B120: Egreso | C120: Jason Rodriguez | D120: 26581.14 | E120: Transferencia
B121: medicinas | D121: 5432.12 | E121: Transferencia
A122: 45771 | B122: Ingreso | C122: Mario Mazariegos | D122: 15000 | E122: Trasferencia
A123: 45772 | B123: Egreso | C123: José Carlos Madrid | D123: 34442.8 | E123: Transferencia | F123: NIT: 32436270
A124: 45772 | B124: Ingreso | C124: Josue Moncrieff | D124: 5000 | E124: Efectivo | F124: NIT: 89454014
A125: 45775 | B125: Egreso | C125: Mario Illescas | D125: Q.7,784.28 | E125: Transferencia | F125: NIT: 9844147
A126: 45776 | B126: Mensualidad | C126: Vera Mendez | D126: Q.8,714.7 | E126: Efectivo y Cheque | H126: los ingrese en mayo
...

Sheet VISITAS
A1: MAYO
A2: Lunes | B2: Martes | C2: Miercoles | D2: Jueves | E2: Viernes | F2: Sabado | G2: Domingo | J2: Fines de semana | L2: Cronicos
D3: 1 | E3: 2 Barbara 10:00 a.m. | F3: 3 Abner 11:00 a.m. Doña Elida 3:00 p.m. | G3: 4 | J3: Entre Semana | L3: Agudos y cronicos
A4: 5 | B4: 6 Martita 10:30 a.m. | C4: 7 | D4: 8 | E4: 9 Barbara 10:00 a.m. | F4: 10 Abner 11:00 a.m. | G4: 11
A5: 12 | B5: 13 | C5: 14 | D5: 15 | E5: 16 | F5: 17 | G5: 18
A6: 19 | B6: 20 | C6: 21 | D6: 22 | E6: 23 | F6: 24 | G6: 25 | M6: w
A7: 26 | B7: 27 | C7: 28 | D7: 29 | E7: 30 | F7: 31
A9: ENERO
A10: Lunes | B10: Martes | C10: Miercoles | D10: Jueves | E10: Viernes | F10: Sabado | G10: Domingo | J10: Fines de semana | L10: Cronicos
C11: 1 | D11: 2 | E11: 3 Barbara Rivera 10:00 Linda Mendoza 12:00 pm | F11: 4 Abner Moctezuma 11:00 am Angel Samayoa 14:00 | G11: 5 | J11: Entre Semana | L11: Agudos y cronicos
A12: 6 | B12: 7 | C12: 8 | D12: 9 | E12: 10 | F12: 11 | G12: 12
A13: 13 | B13: 14 Mercedes Godinez 10:00 | C13: 15 | D13: 16 | E13: 17 | F13: 18 | G13: 19
A14: 20 | B14: 21 | C14: 22 | D14: 23 | E14: 24 | F14: 25 | G14: 26 | M14: w
A15: 27 | B15: 28 | C15: 29 | D15: 30 | E15: 31
